 Dungeon Crawl Stone Soup version 0.17-a0-755-g4391640 (console) character file.

9655 Fusha the Grappler (level 11, -19/157 HPs)
             Began as a Troll Arcane Marksman on Apr 22, 2015.
             Was a High Priest of Okawaru.
             Demolished by a white ugly thing (29 damage)
             ... on level 10 of the Dungeon on Apr 23, 2015.
             The game lasted 00:42:23 (12462 turns).

Fusha the Grappler (Troll Arcane Marksman)         Turns: 12462, Time: 00:42:23

Health: -19/157    AC:  9    Str: 28    XL:     11   Next: 25%
Magic:  14/14      EV: 11    Int: 13    God:    Okawaru [*****.]
Gold:   716        SH:  0    Dex:  9    Spells: 2 memorised, 13 levels left

rFire  . . .     SeeInvis .       - Unarmed
rCold  . . .     Clarity  .     a - +0 robe
rNeg   . . .     SustAb   .     (no shield)
rPois  .         Gourm    +     (helmet restricted)
rElec  .         Spirit   .     k - +2 cloak
rCorr  .         Warding  .     (gloves unavailable)
rMut   .         Stasis   .     (boots unavailable)
MR     .....                    (no amulet)
Stlth  ..........               J - +1 ring of protection
                                z - +3 ring of intelligence

@: berserking, drained, very quick, not resistant to hostile enchantments,
extremely unstealthy
A: unfitting armour, claws 3, fast metabolism 3, gourmand, regeneration 2,
shaggy fur 1, tough skin 2
a: Heroism, Finesse, Renounce Religion


You were on level 10 of the Dungeon.
You worshipped Okawaru.
Okawaru was extremely pleased with you.
You were completely stuffed.

You visited 2 branches of the dungeon, and saw 12 of its levels.
You also visited: Ossuary.

You collected 716 gold pieces.

Inventory:

Missiles
 b - 4 large rocks (quivered)
 c - 4 throwing nets
 f - 6 steel javelins
 g - 6 javelins
 M - a tomahawk of returning
Armour
 a - a +0 robe (worn)
 k - a +2 cloak (worn)
Jewellery
 t - an uncursed ring of ice
 v - an uncursed ring of fire
 z - a +3 ring of intelligence (left claw)
 E - an uncursed ring of protection from magic
 J - a +1 ring of protection (right claw)
 Q - an uncursed ring of see invisible
Magical devices
 L - a wand of frost (0)
Scrolls
 i - a scroll of recharging {unknown}
 j - 2 scrolls of blinking {unknown}
 m - 2 scrolls of enchant armour
 q - 2 scrolls of amnesia {unknown}
 r - 2 scrolls of magic mapping {unknown}
 x - 2 scrolls of noise {unknown}
 y - 7 scrolls of remove curse
 B - 2 scrolls of fear {unknown}
 D - 2 scrolls of teleportation {unknown}
 G - a scroll of fog {unknown}
 I - 4 scrolls of immolation
Potions
 h - 5 potions of brilliance
 l - 2 potions of curing
 n - 3 potions of cure mutation
 p - 3 potions of cancellation
 s - 5 potions of haste
 u - a potion of might
 C - a potion of resistance
 F - 3 potions of ambrosia
 H - 2 potions of invisibility
 N - 2 potions of restore abilities
Books
 d - a book of Debilitation

   Spells                             Type                      Level
   a - Corona                         Hexes                        1
   b - Slow                           Hexes                        2
   c - Gell's Gravitas                Hexes/Translocation          3
   d - Inner Flame                    Hexes/Fire                   3
   e - Cause Fear                     Hexes                        4
   f - Leda's Liquefaction            Hexes/Earth                  4
 O - a Fen Folio

   Spells                             Type                      Level
   a - Corpse Rot                     Necromancy                   2
   b - Stone Arrow                    Conjuration/Earth            3
   c - Leda's Liquefaction            Hexes/Earth                  4
   d - Summon Forest                  Summoning/Translocation      5
   e - Hydra Form                     Transmutation                6
   f - Summon Hydra                   Summoning                    7
Comestibles
 e - 6 bread rations
 o - 4 beef jerkies
 w - 3 meat rations
 A - 9 slices of pizza
 K - 5 chunks of flesh


   Skills:
 + Level 5.8(5.6) Fighting
 + Level 6.6(6.4) Throwing
 + Level 6.3(6.1) Dodging
 * Level 9.6(9.3) Unarmed Combat
 - Level 3.0(2.8) Spellcasting
 + Level 5.1(4.8) Hexes
 + Level 1.4(1.2) Invocations


You had 13 spell levels left.
You knew the following spells:

 Your Spells              Type           Power        Failure   Level  Hunger
a - Corona                Hex            ##.....      3%          1    #......
b - Slow                  Hex            ##......     6%          2    ###....


Dungeon Overview and Level Annotations

Branches:
Dungeon (11/15)            Temple (1/1) D:5             Orc (0/4) D:10
   Lair: D:8-11

Altars:
Ashenzari
Cheibriados
Dithmenos
Elyvilon
Fedhas
Gozag
Kikubaaqudgha
Makhleb
Nemelex Xobeh
Okawaru
Qazlal
Ru
Sif Muna
Trog
Vehumet
Xom
Yredelemnul
Zin
The Shining One

Portals:
Trove: D:10 (give wand of heal wounds (8))


Innate Abilities, Weirdness & Mutations

You are too large for most types of armour.
You have claws for hands.
Your metabolism is lightning-fast.
You like to eat raw meat.
You heal very quickly.
You are covered in fur (AC +1).
You have very tough skin (AC +2).


Message History

* * * LOW HITPOINT WARNING * * *
There is an open door here.
The white ugly thing is no longer bleeding.
A warg comes into view.
The white ugly thing closely misses you.
There is a stone staircase leading up here.
The white ugly thing tentacle-slaps you.
The white ugly thing freezes you!!
* * * LOW HITPOINT WARNING * * *
You climb upwards.
There is a stone staircase leading down here.
Read which item? (? for menu, Esc to quit)
Okay, then.
Drink which item? (? for menu, Esc to quit)
A red film seems to cover your vision as you go berserk!
You feel yourself moving faster!
You feel mighty!
The white ugly thing tentacle-slaps you.
* * * LOW HITPOINT WARNING * * *
The white ugly thing freezes you!!
You die...

#.).# #..# #.# #[......#.......
#...# #..# #.# #.......#.......
#...# #..# #.# #.......#.......
#...# #..# #.# #.......#.......
#...# #.(####.####.......#.......
#...###.................)#.......
........).....⌠...⌠..............
#########..#....u......##########
##..⌠...@...⌠.(# #.............#
####.⌠...⌠...## ##.......##
#########


You could see a white ugly thing.

Vanquished Creatures
  2 hill giants (D:10)
  A gargoyle (D:11)
  A troll (D:11)
  A two-headed ogre (D:11)
  A trapdoor spider (D:11)
  A deep elf mage (D:9)
  A human (D:7)
  A hungry ghost (D:8)
  Menkaure (D:6)
  A warg (D:11)
  A wasp (D:9)
  2 ice beasts
  6 orc warriors
  2 sky beasts
  3 phantoms
  9 ogres
  3 black bears
  5 centaurs
  2 necrophages
  5 giant frogs
  2 big kobolds
  A water moccasin zombie (D:8)
  A wyvern skeleton (D:10)
  3 scorpions
  7 electric eels
  A quasit (D:8)
  11 wights
  9 jellies
  5 killer bees
  3 crimson imps
  A giant frog zombie (D:5)
  2 centaur skeletons
  A giant frog skeleton (D:7)
  Crazy Yiuf (D:7)
  4 hounds
  5 orc priests
  A gnoll shaman (D:9)
  16 orc wizards
  12 worker ants
  3 iguanas
  5 big kobold zombies (Ossuary)
  4 sheep (D:7)
  A hound zombie (D:5)
  2 hound skeletons
  2 mummies
  9 adders
  A worker ant zombie (D:10)
  8 gnolls
  2 shadow imps
  3 oozes
  2 adder skeletons (D:9)
  4 worms
  7 giant geckos
  46 orcs
  4 spectral bats (Ossuary)
  16 bats
  5 bat simulacra (Ossuary)
  A bat skeleton (D:4)
  2 bat zombies
  14 goblins
  10 hobgoblins
  7 jackals
  24 kobolds
  8 quokkas
  A ball python (D:1)
  11 giant cockroaches
  A giant gecko zombie (D:5)
  5 giant newts
  3 giant spores
  7 gnoll zombies (Ossuary)
  6 goblin simulacra (Ossuary)
  6 goblin zombies (Ossuary)
  2 hobgoblin zombies (Ossuary)
  3 kobold zombies (Ossuary)
  7 orc zombies (Ossuary)
  2 quokka skeletons
  15 rats
  A rat simulacrum (Ossuary)
  2 spectral goblins (Ossuary)
  A spectral kobold (Ossuary)
  4 spectral rats (Ossuary)
  15 ballistomycetes
  2 fungi (D:7)
419 creatures vanquished.

Vanquished Creatures (others)
  A human (D:9)
  An orc priest (D:9)
  3 giant spores
5 creatures vanquished.

Grand Total: 424 creatures vanquished

Notes
Turn   | Place    | Note
--------------------------------------------------------------
     0 | D:1      | Fusha, the Troll Arcane Marksman, began the quest for the Orb.
     0 | D:1      | Reached XP level 1. HP: 18/18 MP: 1/1
     1 | D:1      | Noticed a spriggan skeleton
     3 | D:1      | Noticed a merfolk zombie
     3 | D:1      | Noticed a minotaur skeleton
     5 | D:1      | Noticed a centaur skeleton
    10 | D:1      | Noticed a spriggan skeleton
    12 | D:1      | Noticed an elf
    12 | D:1      | Noticed a centaur zombie
    14 | D:1      | Noticed a minotaur skeleton
    14 | D:1      | Noticed a gargoyle
    16 | D:1      | Noticed a ghoul
    16 | D:1      | Noticed a centaur skeleton
    16 | D:1      | Noticed a formicid
    18 | D:1      | Noticed a dwarf
    18 | D:1      | Noticed a troll skeleton
    19 | D:1      | Noticed a vine stalker skeleton
    97 | D:1      | Reached skill level 1 in Fighting
   108 | D:1      | Reached XP level 2. HP: 25/27 MP: 2/2
   536 | D:1      | Reached XP level 3. HP: 33/33 MP: 3/3
   598 | D:1      | Reached skill level 1 in Unarmed Combat
   614 | D:1      | Learned a level 2 spell: Slow
  1154 | D:2      | Reached XP level 4. HP: 38/41 MP: 4/4
  2347 | D:4      | Reached XP level 5. HP: 35/48 MP: 5/5
  2434 | D:4      | Noticed an ogre
  2537 | D:4      | Killed an ogre
  2573 | D:4      | Reached XP level 6. HP: 30/57 MP: 5/7
  2825 | D:4      | Reached skill level 3 in Unarmed Combat
  2868 | D:4      | Found a snail-covered altar of Cheibriados.
  3363 | D:5      | Entered Level 5 of the Dungeon
  3620 | D:5      | Reached XP level 7. HP: 30/66 MP: 8/8
  3721 | D:5      | Reached skill level 4 in Unarmed Combat
  3908 | D:5      | Found a burning altar of Makhleb.
  3933 | D:5      | Reached XP level 8. HP: 57/74 MP: 10/10
  4080 | D:5      | Found a staircase to the Ecumenical Temple.
  4086 | Temple   | Entered the Ecumenical Temple
  4186 | Temple   | Became a worshipper of Warmaster Okawaru
  4594 | D:6      | Found a sand-covered staircase.
  4610 | Ossuary  | Entered an ossuary
  4925 | Ossuary  | Reached skill level 5 in Unarmed Combat
  5399 | D:6      | Noticed Menkaure
  5441 | D:6      | Killed Menkaure
  5441 | D:6      | Acquired Okawaru's first power
  6229 | D:7      | Reached skill level 6 in Unarmed Combat
  6336 | D:7      | Reached XP level 9. HP: 71/83 MP: 12/12
  6417 | D:7      | Noticed Crazy Yiuf
  6423 | D:7      | Killed Crazy Yiuf
  7644 | D:8      | Reached skill level 5 in Throwing
  7771 | D:8      | Reached skill level 7 in Unarmed Combat
  8204 | D:8      | Reached skill level 5 in Dodging
  8413 | D:8      | Reached XP level 10. HP: 86/94 MP: 13/13
  8543 | D:9      | Found an ancient bone altar of Kikubaaqudgha.
  8660 | D:9      | Gained mutation: You have a pair of small horns on your head. [potion of mutation]
  8660 | D:9      | Gained mutation: Your spells are a little easier to cast, but a little less powerful. [potion of mutation]
  8660 | D:9      | Gained mutation: You are frail (-10% HP). [potion of mutation]
  8661 | D:9      | Lost mutation: Your spells are a little easier to cast, but a little less powerful. [potion of cure mutation]
  8661 | D:9      | Lost mutation: You are frail (-10% HP). [potion of cure mutation]
  8661 | D:9      | Lost mutation: You have a pair of small horns on your head. [potion of cure mutation]
  8801 | D:9      | Paralysed by a wasp for 3 turns
  8809 | D:9      | Reached skill level 8 in Unarmed Combat
  8813 | D:9      | HP: 6/141 [quokka (3)]
  8815 | D:9      | HP: 2/94 [poisoned by a wasp]
  8821 | D:9      | HP: 2/94 [kobold/club (3)]
  8844 | D:9      | HP: 4/94 [poisoned by a kobold]
  9927 | D:9      | Received a gift from Okawaru
 10280 | D:10     | Entered Level 10 of the Dungeon
 10430 | D:10     | Reached skill level 5 in Fighting
 10485 | D:10     | Noticed a hill giant
 10499 | D:10     | Killed a hill giant
 10812 | D:10     | Noticed a hill giant
 10838 | D:10     | Killed a hill giant
 10838 | D:10     | Reached skill level 9 in Unarmed Combat
 10874 | D:10     | Found a portal to a secret trove of treasure.
 10960 | D:10     | Acquired Okawaru's second power
 11262 | D:10     | Received a gift from Okawaru
 11268 | D:10     | Reached XP level 11. HP: 100/104 MP: 14/14
 11529 | D:10     | Found a staircase to the Orcish Mines.
 11983 | D:11     | Reached skill level 5 in Hexes
 12062 | D:11     | Reached skill level 1 in Invocations
 12462 | D:10     | Demolished by a white ugly thing

Action                   |  1- 3 |  4- 6 |  7- 9 | 10-12 || total
-------------------------+-------+-------+-------+-------++-------
Melee: Unarmed           |   139 |   237 |   725 |   422 ||  1523
Throw: Large rock        |       |     3 |    11 |     6 ||    20
       Tomahawk          |       |       |       |    51 ||    51
       Javelin           |       |       |       |     4 ||     4
 Cast: Slow              |       |     3 |     6 |     3 ||    12
       Corona            |       |       |     1 |     1 ||     2
Evoke: Wand              |       |       |       |    11 ||    11
  Use: Scroll            |       |       |       |    20 ||    20
       Potion            |       |       |       |     6 ||     6
 Stab: Distracted        |       |       |     1 |       ||     1
       Sleeping          |       |       |     1 |       ||     1
  Eat: Chunk             |    15 |    22 |    46 |    43 ||   126
